 Dungeon Crawl Stone Soup version 0.31.0-9-g3a7656b989 (webtiles) character file.

Game seed: 16807162293357340827

45 CaptainMV the Trooper (level 3, -2/29 HPs)
             Began as a Demonspawn Wanderer on Jan 30, 2024.
             Slain by a ribbon worm (4 damage)
             ... on level 3 of the Dungeon.
             The game lasted 00:07:14 (1202 turns).

CaptainMV the Trooper (Demonspawn Wanderer)         Turns: 1202, Time: 00:07:15

Health: -2/29      AC:  5    Str: 14    XL:     3   Next: 42%
Magic:  2/4        EV: 10    Int: 14    God:
Gold:   162        SH:  0    Dex: 10    Spells: 3/4 levels left

rFire   . . .        b - staff of earth
rCold   . . .        (no shield)
rNeg    . . .        j - +0 ring mail
rPois   .            (no helmet)
rElec   .            (no cloak)
rCorr   .            (no gloves)
SInv    .            (no boots)
Will    .....        (no amulet) Stlth
                     (no ring)
HPRegen 0.24/turn    (no ring)
MPRegen 0.09/turn

%: no passive effects
@: no status effects
A: powered by pain 1, weakness stinger 1
a: no special abilities


You were on level 3 of the Dungeon.
You visited 1 branch of the dungeon, and saw 3 of its levels.

You collected 162 gold pieces.

Inventory:

Hand Weapons
 a - a +2 dagger
Missiles
 g - 3 curare-tipped darts (quivered)
 l - 3 darts of dispersal
Armour
 c - a +0 scale mail
 j - a +0 ring mail (worn)
Magical Staves
 b - a staff of earth (weapon)
Jewellery
 e - a ring of poison resistance
Scrolls
 d - 2 scrolls of fog
Potions
 f - a potion of invisibility {unknown}
 h - a potion of cancellation {unknown}
 i - a potion of might {unknown}
 k - a potion of lignification {unknown}


   Skills:
 + Level 3.5 Fighting
 + Level 0.3 Short Blades
 + Level 0.7 Staves
 + Level 2.1 Throwing
 + Level 1.5 Armour
 + Level 1.0 Spellcasting
 + Level 2.1 Hexes
 + Level 1.0 Evocations


You had 3 spell levels left.
You knew the following spells:

 Your Spells              Type           Power      Damage    Failure   Level
a - Slow                  Hex            24%        N/A       22%         1

Your spell library contained the following spells:

 Spells                   Type           Power      Damage    Failure   Level
 Dazzling Flash           Conj/Hex       6%         N/A       71%         3


Dungeon Overview and Level Annotations

Branches:
Dungeon (3/15)

Altars:


Innate Abilities, Weirdness & Mutations

You sometimes gain a little power by taking damage.
You have a small tail.


Message History

You tail-slap the ribbon worm.
The ribbon worm is almost dead.
The ribbon worm closely misses you.
You hit the ribbon worm but do no damage.
The ribbon worm is severely wounded.
The ribbon worm bites you.
You hit the ribbon worm but do no damage.
The ribbon worm is severely wounded.
The ribbon worm expels a string of sticky webbing.
The stream of webbing hits you but does no damage.
You are caught in a web!
You struggle to detach yourself from the web.
You struggle to detach yourself from the web.
The ribbon worm bites you!
* * * LOW HITPOINT WARNING * * *
The web tears apart.
The ribbon worm bites you.
* * * LOW HITPOINT WARNING * * *
You hit the ribbon worm.
Your tail-slap misses the ribbon worm.
The ribbon worm is severely wounded.
The ribbon worm expels a string of sticky webbing.
The stream of webbing hits you but does no damage.
You are caught in a web!
Casting: Slow (safe; 22% risk of failure)
Confirm with . or Enter, or press ? or * to list all spells.
Aiming: Slow (safe; 22% risk of failure)
Press: ? - help, Shift-Dir - straight line, f/p - ribbon worm
Aim: a ribbon worm (severely wounded, chance to affect: 49%)
The ribbon worm seems to slow down.
The web tears apart.
The ribbon worm bites you.
* * * LOW HITPOINT WARNING * * *
You hit the ribbon worm.
The ribbon worm is almost dead.
You hit the ribbon worm.
The ribbon worm is almost dead.
The ribbon worm bites you.
* * * LOW HITPOINT WARNING * * *
You barely miss the ribbon worm.
The ribbon worm is almost dead.
The ribbon worm bites you.
You die...

###........# ### #......###.#
##.## #.#.##.###.# ##...##
#.....##.# #.....# #
#.##..##.# #...#
#.#........####...##
#.#.##..............
#.......#######...##
###@######## ##+##
#.w.......# ##...##
#..######.###.....# .
#..##.###.##.......
....#######......##.#.>......
.......<............'........
....#######.##...##.#........
# #.###.###.##.......
#.........###.....#


You could see a ribbon worm (slow).

Vanquished Creatures
  An adder (D:2)
  2 dart slugs (D:2)
  2 bats
  5 endoplasms
  2 giant cockroaches
  2 goblins
  A hobgoblin (D:1)
  2 jackals (D:1)
  2 kobolds
  8 ball pythons
  A frilled lizard (D:1)
  A rat (D:2)
29 creatures vanquished.

Notes
Turn   | Place    | Note
-------+----------+-------------------------------------------
     0 | D:1      | CaptainMV the Demonspawn Wanderer began the quest for the
                  | Orb.
     0 | D:1      | CaptainMV set off with the following items: a +2 dagger, 3
                  | curare-tipped darts, a +0 scale mail, a scroll of fog; and
                  | the following spell memorised: Slow; and the following
                  | spells available to memorise: Dazzling Flash.
     0 | D:1      | Reached XP level 1. HP: 18/18 MP: 2/2
   320 | D:1      | Gained mutation: You sometimes gain a little power by
                  | taking damage. [demonic ancestry]
   320 | D:1      | Reached XP level 2. HP: 10/24 MP: 3/3
   748 | D:2      | Gained mutation: You have a small tail. [demonic ancestry]
   748 | D:2      | Reached XP level 3. HP: 29/29 MP: 4/4
  1202 | D:3      | Slain by a ribbon worm

Illustrated notes

Levels and vault maps discovered:
D:1:      grunt_arrival_crossed_arrows, layout_basic
D:2:      layout_basic
D:3:      layout_loops_corners, marbit_many_paths, uniq_terence

Skill      XL: |  1 |
---------------+----+-----
Throwing       | 2 |  2.1
Fighting       | |  3.5
Short Blades   | |  0.3
Staves         | |  0.7
Armour         | |  1.5
Spellcasting   | |  1.0
Hexes          | |  2.1
Evocations     | |  1.0

Action                     || total
---------------------------++-------
  Melee: Staff             ||   160
         Dagger            ||    12
         Tailslap          ||     4
   Cast: Slow              ||    17
    Use: Scroll            ||     6
         Potion            ||     1
 Armour: Scale mail        ||    76
         Ring mail         ||    78
  Dodge: Dodged            ||   102
